AoeStats
← KDA HDT

Lombardia

509554082Analyzed
4v4 RM · 6d ago on Sep 27, 2026· 65m 57s· 8 players
Game mode
Random Map
Map size
Large (8 player)
Population
200
Speed
Normal
Resources
Standard
Victory
Conquest
Starting age
Dark Age
Ending age
Imperial Age
RankedLock teamsTeams togetherTeam positionsShared explorationLock speedFull tech treeHidden civsTurbo modeCheats
Victory
Defeat
🇻🇳 Magyars · Vietnam
1787
+6
🇨🇳 Spanish · China
1608
+12
🇨🇴 Persians · Colombia
1584
+13
🇨🇳 Varangians · China
1572
+14
🇨🇱 Danes · Chile
1653
-16
🇨🇱 Varangians · Chile
1565
-13
🇨🇱 Mongols · Chile
1503
-10
1377
-6
冬瀑
6:20 Loom
8:33 Feudal Age
10:21 Double-Bit Axe
10:46 Horse Collar
14:28 Wheelbarrow
16:14 Town Watch
19:20 Castle Age
20:31 Bow Saw
20:23 Heavy Plow
20:43 Gold Mining
23:01 Stone Mining
26:15 Wheelbarrow
26:00 Padded Archer Armor
27:07 Leather Archer Armor
28:33 Bloodlines
29:16 Husbandry
30:10 Hand Cart
30:51 Stone Shaft Mining
34:09 Imperial Age
34:13 Elite Conquistador
35:23 Ring Archer Armor
35:20 Conscription
35:44 Supremacy
36:31 Fortified Wall
37:46 Caravan
38:51 Fletching
39:26 Ballistics
40:07 Chemistry
40:06 Hoardings
41:13 Two-Man Saw
40:53 Bodkin Arrow
41:10 Masonry
40:27 Capped Ram
42:35 Coinage
42:15 Guilds
43:05 Bracer
43:52 Siege Ram
46:09 Architecture
47:53 Banking
48:06 Forging
Chigüiro
10:38 Feudal Age
14:50 Castle Age
13:34 Double-Bit Axe
13:30 Horse Collar
22:19 Bow Saw
25:56 Scale Barding Armor
28:33 Wheelbarrow
30:31 Imperial Age
28:35 Bloodlines
28:26 Husbandry
28:34 Caravan
29:04 Gold Mining
30:29 Forging
30:25 Cavalier
31:15 Loom
31:56 Chain Barding Armor
32:34 Gold Shaft Mining
31:56 Savar
33:23 Plate Barding Armor
32:50 Light Cavalry
34:59 Iron Casting
34:11 Hussar
35:55 Conscription
36:56 Blast Furnace
38:24 Heavy Camel Rider
39:57 Fletching
40:37 Guilds
43:29 Chemistry
42:49 Ballistics
44:47 Hand Cart
44:49 Town Watch
46:06 Two-Man Saw
45:16 Padded Archer Armor
46:40 Leather Archer Armor
55:44 Thumb Ring
62:53 Masonry
教授
6:21 Loom
9:00 Feudal Age
9:56 Town Watch
10:06 Double-Bit Axe
10:02 Horse Collar
19:20 Castle Age
20:31 Bow Saw
25:59 Wheelbarrow
26:30 Heavy Plow
27:55 Hand Cart
27:42 Town Patrol
31:11 Imperial Age
29:38 Scale Barding Armor
29:44 Forging
29:44 Stone Mining
29:47 Gold Mining
31:05 Stone Shaft Mining
30:57 Chain Barding Armor
31:21 Elite Jarl
32:22 Conscription
32:42 Iron Casting
33:10 Plate Barding Armor
33:24 Bloodlines
33:15 Husbandry
34:59 Blast Furnace
37:03 Fortified Wall
38:01 Masonry
40:05 Architecture
41:58 Caravan
42:30 Treadmill Crane
42:56 Siege Engineers
49:21 Two-Man Saw
48:50 Capped Ram
49:45 Siege Ram
51:22 Fletching
52:35 Chemistry
51:13 Gothikon
51:18 Vendel Legacy
54:11 Guilds
57:37 Bodkin Arrow
58:03 Ballistics
58:42 Bracer
59:25 Coinage
63:08 Banking
KDA HDT
8:26 Loom
10:26 Feudal Age
14:23 Castle Age
12:56 Double-Bit Axe
13:29 Horse Collar
13:53 Fletching
19:33 Bodkin Arrow
22:15 Bow Saw
24:54 Husbandry
25:34 Padded Archer Armor
28:05 Bloodlines
28:37 Wheelbarrow
29:18 Ballistics
29:59 Gold Mining
31:49 Gold Shaft Mining
35:50 Imperial Age
33:21 Stone Mining
33:46 Hand Cart
33:39 Thumb Ring
34:26 Leather Archer Armor
36:00 Corvinian Army
36:38 Bracer
37:40 Chemistry
36:04 Heavy Cavalry Archer
37:49 Two-Man Saw
38:01 Conscription
38:04 Recurve Bow
38:36 Parthian Tactics
39:00 Pikeman
39:41 Scale Mail Armor
40:02 Halberdier
41:16 Chain Mail Armor
42:07 Ring Archer Armor
42:20 Scale Barding Armor
47:44 Chain Barding Armor
47:47 Elite Magyar Huszar
53:35 Plate Barding Armor
53:54 Masonry
54:20 Hoardings
61:37 Coinage
61:08 Caravan
Space☆Cuchito
8:43 Loom
11:10 Feudal Age
15:57 Castle Age
15:13 Double-Bit Axe
16:28 Horse Collar
22:00 Wheelbarrow
22:22 Heavy Plow
23:28 Bow Saw
26:51 Hand Cart
31:14 Imperial Age
29:02 Scale Mail Armor
29:12 Forging
29:57 Fletching
31:55 Chain Mail Armor
32:16 Iron Casting
34:08 Plate Mail Armor
33:42 Squires
33:28 Gambesons
33:29 Arson
34:03 Gold Mining
34:04 Stone Mining
35:02 Conscription
34:03 Hamask
34:40 Elite Jomsviking
37:31 Blast Furnace
40:40 Caravan
43:56 Bodkin Arrow
45:50 Ballistics
46:31 Chemistry
47:02 Northmen's Fury
48:11 Bracer
49:39 Onager
51:20 Siege Onager
56:52 Pikeman
57:48 Halberdier
59:48 Padded Archer Armor
60:01 Crossbowman
62:06 Thumb Ring
AiM | Colmilloazul
6:30 Loom
8:52 Feudal Age
9:39 Double-Bit Axe
9:35 Horse Collar
17:55 Castle Age
19:37 Heavy Plow
19:59 Scale Barding Armor
21:49 Chain Barding Armor
22:54 Husbandry
26:51 Forging
28:07 Bloodlines
28:51 Town Watch
34:21 Imperial Age
32:50 Gold Mining
32:50 Stone Mining
35:10 Iron Casting
34:33 Heavy Camel Rider
36:20 Plate Barding Armor
35:06 Heavy Camel Rider
37:14 Imperial Camel Rider
44:09 Caravan
45:03 Light Cavalry
47:09 Blast Furnace
47:30 Hussar
49:50 Bow Saw
59:44 Conscription
63:25 Town Patrol
BrøweN
8:41 Loom
11:38 Feudal Age
15:16 Castle Age
13:24 Double-Bit Axe
13:20 Horse Collar
25:53 Wheelbarrow
27:31 Hand Cart
28:48 Bow Saw
28:41 Heavy Plow
29:13 Gold Mining
29:15 Stone Mining
30:30 Scale Barding Armor
30:35 Forging
33:31 Imperial Age
31:41 Stone Shaft Mining
31:30 Bloodlines
31:37 Husbandry
32:19 Chain Barding Armor
33:40 Iron Casting
32:57 Town Watch
33:21 Caravan
33:40 Masonry
33:52 Ballistics
33:44 Vendel Legacy
33:50 Cavalier
35:26 Conscription
36:18 Two-Man Saw
36:31 Crop Rotation
37:11 Plate Barding Armor
37:38 Fortified Wall
38:47 Blast Furnace
41:39 Light Cavalry
43:59 Hussar
48:54 Elite Jarl
49:46 Fletching
50:59 Chemistry
huincha
10:16 Feudal Age
14:40 Castle Age
12:53 Double-Bit Axe
13:10 Horse Collar
16:06 Bow Saw
22:26 Wheelbarrow
25:19 Hand Cart
26:03 Fletching
29:20 Imperial Age
26:48 Bodkin Arrow
27:28 Ballistics
27:10 Padded Archer Armor
28:41 Leather Archer Armor
29:21 Thumb Ring
29:28 Bloodlines
29:19 Husbandry
30:11 Bracer
31:45 Parthian Tactics
32:42 Chemistry
31:58 Gold Mining
31:59 Stone Mining
34:13 Gold Shaft Mining
34:40 Loom
34:41 Town Watch
35:59 Conscription
35:27 Elite Mangudai
37:10 Masonry
37:45 Hoardings
38:41 Capped Ram
39:33 Caravan
39:47 Siege Ram
42:06 Drill
48:11 Light Cavalry
48:58 Scale Barding Armor
49:03 Forging
50:08 Hussar
59:14 Chain Barding Armor
59:29 Iron Casting
Connection lost

Rejoining the realm…

Still unreachable

The connection could not be restored.

Session expired

The server has moved on; the page needs a fresh start.